 Dungeon Crawl Stone Soup version 0.21.0-25-ge575cb9ce8 (webtiles) character file.

282 KamiKatze the Conjurer (level 6, -1/32 HPs)
             Began as a Deep Elf Conjurer on Jan 24, 2018.
             Slain by a gnoll
             ... wielding a +0 spear
              (6 damage)
             ... on level 3 of the Dungeon.
             The game lasted 00:15:08 (3406 turns).

KamiKatze the Conjurer (Deep Elf Conjurer)          Turns: 3406, Time: 00:15:09

Health: -1/32      AC:  2    Str:  9    XL:     6   Next: 6%
Magic:  15/15      EV: 13    Int: 27    God:
Gold:   77         SH:  0    Dex: 15    Spells: 4/14 levels left

rFire    . . .     SeeInvis .   m - +2 dagger (venom)
rCold    . . .     Gourm    .   (no shield)
rNeg     . . .     Faith    .   a - +0 robe
rPois    .         Spirit   .   t - +0 hat
rElec    .         Reflect  .   (no cloak)
rCorr    .         Harm     .   (no gloves)
MR       .....                  (no boots)
Stlth    +++.......             (no amulet)
HPRegen  0.10/turn              l - ring of wizardry
MPRegen  0.14/turn              o - +4 ring of strength

@: brilliant
A: no striking features
a: no special abilities


You were on level 3 of the Dungeon.
You were not hungry.

You visited 1 branch of the dungeon, and saw 3 of its levels.

You collected 77 gold pieces.

Inventory:

Hand Weapons
 g - a cursed -2 dagger
 m - a +2 dagger of venom (weapon)
 y - a +1 vampiric whip
Armour
 a - a +0 robe (worn)
 t - a +0 hat (worn)
Jewellery
 l - a ring of wizardry (left hand)
 n - an uncursed ring of fire
 o - a +4 ring of strength (right hand)
 u - an uncursed amulet of rage {unknown}
Wands
 w - a wand of scattershot (6)
Scrolls
 j - 2 scrolls of remove curse {unknown}
 k - 4 scrolls of identify {unknown}
 q - a scroll of fear {unknown}
 v - a scroll of amnesia {unknown}
 x - a scroll of enchant weapon {unknown}
 z - 3 scrolls of immolation {unknown}
Potions
 d - 2 potions of haste
 e - 2 potions of flight {unknown}
 f - 5 potions of curing {unknown}
 h - 2 potions of brilliance
 i - a potion of resistance {unknown}
 p - a potion of cancellation {unknown}
 r - a potion of mutation {unknown}
 A - a potion of invisibility {unknown}
Books
 b - a book of Conjurations

   Spells                             Type                      Level
   a - Magic Dart                     Conjuration                  1
   b - Searing Ray                    Conjuration                  2
   c - Dazzling Spray                 Conjuration/Hexes            3
   d - Fulminant Prism                Conjuration/Hexes            4
   e - Force Lance                    Conjuration/Translocation    4
   f - Iskenderun's Mystic Blast      Conjuration                  4
Comestibles
 c - 6 rations
 s - 10 chunks of flesh


   Skills:
 - Level 2.4 Dodging
 - Level 4.2 Stealth
 + Level 4.7 Spellcasting
 * Level 6.3 Conjurations
 + Level 2.5 Hexes


You had 4 spell levels left.
You knew the following spells:

 Your Spells              Type           Power        Failure   Level  Hunger
a - Magic Dart            Conj           ####         1%          1    None
b - Searing Ray           Conj           ######       1%          2    None
c - Dazzling Spray        Conj/Hex       #####.       1%          3    ##.....
d - Iskenderun's Mystic   Conj           ######..     1%          4    ####...


Dungeon Overview and Level Annotations

Branches:
Dungeon (3/15)

Altars:
Ashenzari
Dithmenos
Hepliaklqana
The Shining One


Message History

There is an open door, spattered with blood here.
You see here a club.
Things that are here:
a club; a gnoll skeleton
Things that are here:
a club x2
You see here a club.
Things that are here:
a dagger; a club
There is an open door here.
The gnoll hits you from afar with a spear.
There is a large open door here.
You see here a stone.
The gnoll hits you from afar with a spear!
* * * LOW HITPOINT WARNING * * *
You see here 9 stones.
It was a potion of brilliance.
You feel clever all of a sudden.
The gnoll hits you from afar with a spear.
You die...

....## #.##...............#.####
.....# #...........#........####
..(..## #...........#...........#
#..)..###.###.......#..###.#.####
##.....##...<.......#..# #.#.# #
###[.[###.####......#..# #.#.# #
......[.......>.....#..# #.#.# #
########..#####.....#..# #.#.####
....((.(...gggg.@...#..###.#.....
###....########.#.......<#.#.####
.....(..............#.####.#....#
##....g#####.##.#...#.)....####.#
....(.g..........................
...))............................
.≈.().g≈.≈..≈.≈..≈≈..≈.≈≈..≈≈≈≈..
≈≈≈...(≈)≈≈≈≈≈≈≈≈≈≈≈≈≈≈≈≈≈≈≈≈≈≈≈≈
≈≈≈.)..≈≈≈≈≈≈≈≈≈≈≈≈≈≈≈≈≈≈≈≈≈≈≈≈≈≈


You could see 2 gnolls, a hobgoblin and a goblin.

Vanquished Creatures
  An orc priest (D:3)
  6 adders
  8 gnolls
  2 worms
  3 dart slugs
  2 leopard geckos (D:1)
  8 orcs (D:3)
  2 giant cockroaches
  23 goblins
  13 hobgoblins
  2 jackals (D:1)
  8 kobolds
  2 quokkas
  A ball python (D:3)
  7 bats
  3 frilled lizards
  7 rats
98 creatures vanquished.

Notes
Turn   | Place    | Note
-------+----------+-------------------------------------------
     0 | D:1      | KamiKatze the Deep Elf Conjurer began the quest for the Orb.
     0 | D:1      | Reached XP level 1. HP: 10/10 MP: 6/6
   208 | D:1      | Reached XP level 2. HP: 15/15 MP: 4/8
   212 | D:1      | Learned a level 2 spell: Searing Ray
   426 | D:1      | Reached XP level 3. HP: 15/19 MP: 5/9
   696 | D:1      | Reached skill level 5 in Conjurations
   790 | D:1      | Learned a level 3 spell: Dazzling Spray
   977 | D:2      | Reached XP level 4. HP: 18/24 MP: 5/11
  1053 | D:2      | Found a shattered altar of Ashenzari.
  1057 | D:2      | Found a shadowy altar of Dithmenos.
  1085 | D:2      | Learned a level 4 spell: Iskenderun's Mystic Blast
  1293 | D:2      | Found a hazy altar of Hepliaklqana.
  1836 | D:3      | Reached skill level 1 in Hexes
  1991 | D:3      | Reached XP level 5. HP: 15/28 MP: 7/13
  2613 | D:3      | Found a glowing golden altar of the Shining One.
  2739 | D:3      | Reached skill level 6 in Conjurations
  3109 | D:3      | Reached XP level 6. HP: 12/32 MP: 0/15
  3406 | D:3      | Slain by a gnoll

Skill      XL: |  1  2  3  4  5 |
---------------+----------------+-----
Stealth        | 3 4 |  4.2
Conjurations   | 5 6 |  6.3
Spellcasting   | 4 |  4.7
Hexes          | 1 2 |  2.5
Dodging        | |  2.4

Action                   |  1- 3 |  4- 6 || total
-------------------------+-------+-------++-------
Melee: Whip              |     5 |       ||     5
       Dagger            |     5 |    26 ||    31
 Cast: Magic Dart        |    47 |    86 ||   133
       Searing Ray       |     2 |    11 ||    13
       Iskenderun's Myst |       |     3 ||     3
  Use: Potion            |       |     1 ||     1
 Stab: Sleeping          |     2 |     2 ||     4
  Eat: Chunk             |       |     8 ||     8
Armor: Robe              |     5 |     3 ||     8
Dodge: Dodged            |    10 |    35 ||    45
